 Dungeon Crawl Stone Soup version 0.29.0-4-gdea44cf6ec (webtiles) character file.

Game seed: 13129542182756587259

9557 qw the Severer (level 11, -7/97 HPs)
             Began as a Minotaur Fighter on Sept 4, 2022.
             Was a Follower of Ru.
             Mangled by a two-headed ogre
             ... wielding a +0 giant spiked club
              (12 damage)
             ... on level 11 of the Dungeon.
             The game lasted 00:03:49 (11017 turns).

qw the Severer (Minotaur Fighter)                  Turns: 11017, Time: 00:03:50

Health: -7/97      AC: 17    Str: 26    XL:     11   Next: 24%
Magic:  8/8        EV:  8    Int:  5    God:    Ru [*.....]
Gold:   429        SH:  4    Dex:  9    Spells: 10/10 levels left

rFire   . . .      SeeInvis .   Y - +6 war axe (protect)
rCold   + . .      Faith    .   c - +0 buckler
rNeg    . . .      Spirit   .   r - +0 plate armour
rPois   .          Reflect  .   (helmet restricted)
rElec   .          Harm     .   p - +0 cloak
rCorr   .          Rampage  .   n - +0 pair of gloves
Will    .....                   a - +0 pair of boots
Stlth   ..........              (no amulet)
HPRegen 0.26/turn               q - +4 ring of protection
MPRegen 0.11/turn               b - ring of protection from cold

@: about to teleport, corroded, under a protective aura
A: horns 2, low MP 1, no earth magic, no translocations magic, no transmutations
magic, retaliatory headbutt
a: Renounce Religion


You were on level 11 of the Dungeon.
You worshipped Ru.
Ru was aware of your devotion.
You visited 2 branches of the dungeon, and saw 12 of its levels.

You collected 669 gold pieces.
You spent 240 gold pieces at shops.


Innate Abilities, Weirdness & Mutations

You have a pair of horns on your head.
Your magical capacity is low. (-10% MP)
You cannot study or cast Earth magic.
You cannot study or cast Translocations magic.
You cannot study or cast Transmutations magic.
You reflexively headbutt those who attack you in melee.


   Skills:
 - Level 9.0 Fighting
 - Level 16.0 Axes
 - Level 4.0 Throwing
 - Level 9.0 Armour
 - Level 3.0 Dodging
 + Level 5.1 Shields


You had 10 spell levels left.
You didn't know any spells.
Your spell library was empty.

Inventory:

Hand Weapons
 k - a +5 morningstar
 Y - a +6 war axe of protection (weapon)
Missiles
 m - 3 javelins (quivered)
 s - 4 boomerangs
 v - 2 silver javelins
Armour
 a - a +0 pair of boots (worn)
 c - a +0 buckler (worn)
 n - a +0 pair of gloves (worn)
 p - a +0 cloak (worn)
 r - a +0 plate armour (worn)
Jewellery
 b - a ring of protection from cold (right hand)
 h - a ring of fire
 l - a ring of fire
 o - a ring of resist corrosion
 q - a +4 ring of protection (left hand)
Scrolls
 g - 5 scrolls of identify
 j - 4 scrolls of teleportation
Potions
 d - 4 potions of might
 f - 2 potions of haste
 i - a potion of curing
 t - a potion of mutation

Dungeon Overview and Level Annotations

Branches:
Dungeon (11/15)            Temple (1/1) D:4            Lair (0/5) D:9
    Orc: D:9-12

Altars:
Ashenzari
Cheibriados
Dithmenos
Elyvilon
Fedhas
Gozag
Hepliaklqana
Kikubaaqudgha
Makhleb
Nemelex Xobeh
Okawaru
Qazlal
Ru
Sif Muna
Uskayaw
Vehumet
Wu Jian
Xom
Yredelemnul
Zin
The Shining One

Shops:
D:5 =   D:8 [   D:10 (

Portals:
Trove: D:10 (give +4 demon whip)


Message History

You hear two shouts!
11009 ||| DRINKING potion of heal wounds.
You feel much better.
The acid dragon bites you but does no damage.
The acid dragon claws you but does no damage.
You closely miss the acid dragon.
The acid dragon is severely wounded.
The acid dragon barely misses you.
The acid dragon claws you but does no damage.
You hit the acid dragon but do no damage.
The acid dragon is severely wounded.
The acid dragon bites you but does no damage.
You block the acid dragon's attack.
You closely miss the acid dragon.
The acid dragon is severely wounded.
You hit the acid dragon.
You headbutt the acid dragon, but do no damage.
The acid dragon is severely wounded.
The acid dragon bites you. The acid dragon barely misses you.
You slash the acid dragon!
The acid dragon is almost dead.
Your surroundings seem slightly different.
A two-headed ogre comes into view.
It is wielding a +0 giant spiked club and a +0 giant club.
The two-headed ogre shouts in stereo!
The acid dragon begins to attack, but is stunned by your conviction!
You enter the shallow water.
Moving in this stuff is going to be slow.
11016 ||| Stepping ~*~*~tactically~*~*~ (water).
The two-headed ogre barely misses you. You furiously retaliate!
You headbutt the two-headed ogre, but do no damage.
The two-headed ogre closely misses you. The acid dragon spits acid at you.
The splash of acid hits you but does no damage.
The acid corrodes you!
11017 ||| READING 5 scrolls of teleportation.
As you read the scroll of teleportation, it crumbles to dust.
You feel strangely unstable.
The two-headed ogre hits you with a +0 giant spiked club!!
The two-headed ogre hits you with a +0 giant club!
You die...

..#............~~~~~..
#.......~..~.~.~~~~~~~
...............~~~~~~~
#.........~~...~~~~~~~
..).......<....~~~~~~~
.......).~~...........
......................
..........~...........
.........(~~.@~~..~.~~
..............O.......
.........%D~......~.~~
....##.........~~...~~
#.......~~~~~..~~~..~~
#...##.~~~~~~..~~~~..~
#.. #.~~~~~~..~~~~...
. #.~~~~~~..~~~~.~.
#.~~~~~~..~~


You could see a two-headed ogre and an acid dragon.

Vanquished Creatures
  A boulder beetle (D:8)
  A two-headed ogre (D:10)
  A tengu warrior (D:8)
  A cyclops (D:11)
  An unseen horror (D:11)
  A kobold demonologist (D:8)
  A komodo dragon (D:8)
  A troll (D:5)
  A hornet (D:9)
  Sigmund (D:6)
  A wraith (D:8)
  Eustachio (D:6)
  A wyvern (D:9)
  4 yaks (D:10)
  2 steam dragons
  2 acid dragons
  A water moccasin (D:6)
  3 black bears
  2 orc warriors
  A sky beast (D:7)
  An ice beast (D:7)
  3 ogres
  A centaur (D:10)
  3 phantoms
  Blork the orc (D:6)
  A kobold brigand (D:8)
  2 gnoll sergeants
  A scorpion (D:6)
  3 bullfrogs
  25 wights
  6 killer bees (D:10)
  12 howler monkeys
  An electric eel (D:11)
  3 hounds
  An orc priest (D:6)
  3 jellies
  5 orc wizards
  3 iguanas
  9 gnolls
  12 adders
  2 white imps
  A worm (D:3)
  2 dart slugs (D:2)
  16 orcs
  5 ball pythons
  5 endoplasms
  3 giant cockroaches (D:1)
  12 goblins
  10 hobgoblins
  7 jackals
  6 quokkas
  5 bats
  4 frilled lizards
  11 kobolds
  6 rats
219 creatures vanquished.

Vanquished Creatures (others)
  An orc (D:9)
1 creature vanquished.

Grand Total: 220 creatures vanquished

Notes
Turn   | Place    | Note
-------+----------+-------------------------------------------
     0 | D:1      | qw the Minotaur Fighter began the quest for the Orb.
     0 | D:1      | Reached XP level 1. HP: 19/19 MP: 0/0
     0 | D:1      | 0 ||| qw: Version: 0.1-a-103-gd6f5d3a
     0 | D:1      | 0 ||| qw: Game counter: 5755
     0 | D:1      | 0 ||| qw: Always use a shield: true
     0 | D:1      | 0 ||| qw: God list: Ru
     0 | D:1      | 0 ||| qw: Allow faded altars: false
     0 | D:1      | 0 ||| qw: Do Orc after D:15 true
     0 | D:1      | 0 ||| qw: Do second Lair branch before Depths: true
     0 | D:1      | 0 ||| qw: Lair rune preference: random
     0 | D:1      | 0 ||| qw: Plans: Normal
     0 | D:1      | 0 ||| PLANNING D:1-11
   219 | D:1      | 219 ||| Stepping ~*~*~tactically~*~*~ (stealth).
   254 | D:1      | 254 ||| DROPPING +0 club.
   264 | D:1      | Reached skill level 3 in Axes
   363 | D:1      | 363 ||| Stepping ~*~*~tactically~*~*~ (stealth).
   370 | D:1      | Reached XP level 2. HP: 26/26 MP: 1/1
   634 | D:1      | Reached skill level 4 in Axes
   854 | D:1      | Reached XP level 3. HP: 31/31 MP: 2/2
   923 | D:1      | 923 ||| UPGRADING to +0 cloak.
   928 | D:1      | 928 ||| DROPPING ring of magical power.
   929 | D:1      | 929 ||| DROPPING ring of flight.
   930 | D:1      | 930 ||| READING scroll labelled RUSAEXT OLAREI.
   931 | D:1      | 931 ||| READING scroll labelled ZUDAME SOEGO.
   932 | D:1      | 932 ||| READING scroll labelled NEGGAI XUOCIU.
   933 | D:1      | 933 ||| READING scroll labelled VIAGGE OLUI.
   934 | D:1      | 934 ||| READING scroll labelled KUHACUUROV.
   937 | D:1      | 937 ||| DRINKING 2 smoky white potions.
  1040 | D:2      | Found a faded altar of an unknown god.
  1319 | D:2      | 1319 ||| Stepping ~*~*~tactically~*~*~ (hiding).
  1580 | D:2      | 1580 ||| UPGRADING to +0 pair of boots.
  1749 | D:2      | 1749 ||| Stepping randomly (stuck).
  1852 | D:3      | Reached skill level 5 in Axes
  1962 | D:3      | 1962 ||| READING scroll of enchant weapon.
  1962 | D:3      | 1962 ||| ENCHANTING +1 war axe.
  2016 | D:3      | 2016 ||| Stepping ~*~*~tactically~*~*~ (stealth).
  2035 | D:3      | Reached skill level 1 in Dodging
  2041 | D:3      | Reached XP level 4. HP: 26/39 MP: 3/3
  2298 | D:3      | 2298 ||| UPGRADING to +0 pair of gloves.
  2303 | D:3      | 2303 ||| UPGRADING to ring of protection from cold.
  2304 | D:3      | 2304 ||| READING scroll labelled PYDYARCHUJOT.
  2305 | D:3      | 2305 ||| DRINKING 2 emerald potions.
  2306 | D:3      | 2306 ||| DROPPING potion of magic.
  2408 | D:4      | You fall into a shaft and drop 2 floors!
  2456 | D:6      | Noticed a scorpion
  2457 | D:6      | 2457 ||| Stepping ~*~*~tactically~*~*~ (stealth).
  2468 | D:6      | Killed a scorpion
  2469 | D:6      | Reached skill level 6 in Axes
  2469 | D:6      | Reached XP level 5. HP: 40/45 MP: 4/4
  2526 | D:6      | Reached skill level 7 in Axes
  2598 | D:6      | Reached XP level 6. HP: 32/52 MP: 5/5
  2790 | D:6      | Reached skill level 8 in Axes
  2907 | D:6      | 2907 ||| DROPPING +0 whip.
  2949 | D:6      | 2949 ||| READING 3 scrolls of identify.
  2949 | D:6      | 2949 ||| IDENTIFYING clear potion
  2950 | D:6      | 2950 ||| READING 2 scrolls of identify.
  2950 | D:6      | 2950 ||| IDENTIFYING golden potion
  2951 | D:6      | 2951 ||| DROPPING potion of flight.
  3003 | D:5      | Entered Level 5 of the Dungeon
  3047 | D:5      | 3047 ||| READING scroll labelled LAIRETWUMIL.
  3087 | D:4      | Reached XP level 7. HP: 59/59 MP: 6/6
  3135 | D:4      | Reached skill level 9 in Axes
  3254 | D:4      | 3254 ||| READING scroll of enchant weapon.
  3254 | D:4      | 3254 ||| ENCHANTING +2 war axe of protection.
  3263 | D:4      | 3263 ||| Stepping ~*~*~tactically~*~*~ (stealth).
  3326 | D:4      | 3326 ||| Stepping ~*~*~tactically~*~*~ (stealth).
  3690 | D:4      | Found a staircase to the Ecumenical Temple.
  3691 | D:4      | 3691 ||| PLANNING TEMPLE
  3691 | D:4      | 3691 ||| UPGRADING to +0 chain mail.
  3701 | D:4      | 3701 ||| DROPPING +0 scale mail.
  3710 | Temple   | Entered the Ecumenical Temple
  3738 | Temple   | Became a worshipper of Ru the Awakened
  3741 | Temple   | 3741 ||| PLANNING D:1-11
  3805 | D:5      | 3805 ||| Stepping ~*~*~tactically~*~*~ (stealth).
  3822 | D:5      | 3822 ||| Stepping ~*~*~tactically~*~*~ (stealth).
  3899 | D:5      | Found an ornate altar of the Wu Jian Council.
  3914 | D:5      | 3914 ||| Stepping ~*~*~tactically~*~*~ (hiding).
  3927 | D:5      | Reached skill level 10 in Axes
  3927 | D:5      | Reached XP level 8. HP: 63/68 MP: 7/7
  4043 | D:5      | Found Deotug's Jewellery Emporium.
  4050 | D:5      | 4050 ||| SHOPLISTING +4 ring of evasion (432 gold, have
                  | 282).
  4050 | D:5      | 4050 ||| SHOPLISTING amulet of guardian spirit (360 gold,
                  | have 282).
  4050 | D:5      | 4050 ||| SHOPLISTING amulet of regeneration (360 gold, have
                  | 282).
  4050 | D:5      | 4050 ||| SHOPLISTING ring of Noicwix {rF+ Will+ SInv} (415
                  | gold, have 282).
  4050 | D:5      | 4050 ||| SHOPLISTING ring of protection from cold (300
                  | gold, have 282).
  4050 | D:5      | 4050 ||| BUYING ring of resist corrosion (240 gold).
  4050 | D:5      | Bought a ring of resist corrosion for 240 gold pieces
  4050 | D:5      | 4050 ||| SHOPLISTING ring of see invisible (180 gold, have
                  | 42).
  4063 | D:5      | Found a hide-covered altar of Uskayaw.
  4187 | D:5      | Reached skill level 6 in Fighting
  4292 | D:5      | Found a burning altar of Makhleb.
  4300 | D:5      | 4300 ||| READING scroll of enchant weapon.
  4300 | D:5      | 4300 ||| ENCHANTING +3 war axe of protection.
  4368 | D:5      | Noticed a troll
  4374 | D:5      | Killed a troll
  4375 | D:5      | Reached skill level 11 in Axes
  4377 | D:5      | 4377 ||| Stepping ~*~*~tactically~*~*~ (stealth).
  4378 | D:5      | 4378 ||| Stepping ~*~*~tactically~*~*~ (stealth).
  4567 | D:5      | 4567 ||| Stepping ~*~*~tactically~*~*~ (stealth).
  4854 | D:5      | Found a glowing silver altar of Zin.
  4854 | D:5      | Noticed an angel
  4988 | D:5      | 4988 ||| UPGRADING to ring of resist corrosion.
  5011 | D:5      | 5011 ||| READING scroll labelled EGGORI ONED.
  5023 | D:5      | 5023 ||| DRINKING 2 green potions.
  5025 | D:5      | 5025 ||| DRINKING 2 puce potions.
  5026 | D:5      | 5026 ||| DROPPING potion of attraction.
  5048 | D:5      | 5048 ||| DROPPING potion of brilliance.
  5106 | D:6      | Found a sparkling altar of Nemelex Xobeh.
  5106 | D:6      | Found a broken altar of Ashenzari.
  5111 | D:6      | Reached skill level 1 in Throwing
  5111 | D:6      | Noticed Blork the orc
  5121 | D:6      | Killed Blork the orc
  5353 | D:6      | 5353 ||| READING scroll of enchant weapon.
  5353 | D:6      | 5353 ||| ENCHANTING +4 war axe of protection.
  5360 | D:6      | Found an iron altar of Okawaru.
  5361 | D:6      | Found a shimmering blue altar of Sif Muna.
  5361 | D:6      | Found an ancient bone altar of Kikubaaqudgha.
  5383 | D:6      | 5383 ||| Stepping ~*~*~tactically~*~*~ (hiding).
  5386 | D:6      | 5386 ||| Stepping ~*~*~tactically~*~*~ (hiding).
  5436 | D:6      | 5436 ||| Stepping ~*~*~tactically~*~*~ (stealth).
  5482 | D:6      | Noticed Sigmund
  5511 | D:6      | 5511 ||| DRINKING 2 potions of curing.
  5511 | D:6      | 5511 ||| (to cure confusion)
  5515 | D:6      | 5515 ||| DRINKING potion of curing.
  5515 | D:6      | 5515 ||| (to cure confusion)
  5524 | D:6      | Killed Sigmund
  5525 | D:6      | Reached skill level 12 in Axes
  5525 | D:6      | Reached XP level 9. HP: 36/75 MP: 8/8
  5713 | D:6      | 5713 ||| INVOKING Sacrifice Essence.
  5713 | D:6      | Gained mutation: Your magical capacity is low. (-10% MP)
                  | [Ru sacrifice]
  5716 | D:6      | 5716 ||| DROPPING +0 flail.
  6154 | D:6      | Noticed Eustachio
  6162 | D:6      | Killed Eustachio
  6306 | D:6      | 6306 ||| DROPPING amulet of faith.
  6307 | D:6      | 6307 ||| READING scroll labelled URHUCU CELETZIL.
  6308 | D:6      | 6308 ||| READING scroll labelled CIEJ FAUBOE.
  6309 | D:6      | 6309 ||| READING 4 scrolls of identify.
  6309 | D:6      | 6309 ||| IDENTIFYING glowing black potion
  6490 | D:7      | Reached skill level 13 in Axes
  6811 | D:7      | Reached skill level 6 in Armour
  7237 | D:7      | 7237 ||| UPGRADING to +4 ring of protection.
  7239 | D:7      | 7239 ||| UPGRADING to ring of protection from cold.
  7241 | D:7      | 7241 ||| READING scroll labelled DOID ME PIEFEH.
  7288 | D:8      | 7288 ||| Stepping ~*~*~tactically~*~*~ (stealth).
  7290 | D:8      | 7290 ||| Stepping ~*~*~tactically~*~*~ (hiding).
  7455 | D:8      | 7455 ||| Stepping ~*~*~tactically~*~*~ (hiding).
  7457 | D:8      | 7457 ||| Stepping ~*~*~tactically~*~*~ (hiding).
  7458 | D:8      | 7458 ||| Stepping ~*~*~tactically~*~*~ (hiding).
  7465 | D:8      | Reached XP level 10. HP: 86/88 MP: 8/8
  7505 | D:8      | 7505 ||| Stepping randomly (cloudy).
  7511 | D:8      | 7511 ||| Stepping ~*~*~tactically~*~*~ (cloud).
  7718 | D:8      | Found Naqe Ego's Armour Emporium.
  7727 | D:8      | 7727 ||| SHOPLISTING +3 chain mail of poison resistance
                  | (352 gold, have 186).
  7727 | D:8      | 7727 ||| SHOPLISTING +6 scale mail "Ythrod" {Dex+2} (678
                  | gold, have 186).
  7798 | D:8      | Found a flagged portal.
  7814 | D:8      | Noticed a boulder beetle
  7816 | D:8      | 7816 ||| Stepping ~*~*~tactically~*~*~ (stealth).
  7831 | D:8      | Noticed a rust devil
  7836 | D:8      | HP: 11/88 [boulder beetle (31)]
  7837 | D:8      | Reached skill level 3 in Throwing
  7837 | D:8      | 7837 ||| READING 6 scrolls of teleportation.
  7840 | D:8      | Killed a boulder beetle
  7841 | D:8      | Reached skill level 14 in Axes
  8186 | D:8      | 8186 ||| FLEEEEING.
  8189 | D:8      | 8189 ||| STAIRDANCE
  8261 | D:8      | 8261 ||| Stepping ~*~*~tactically~*~*~ (hiding).
  8262 | D:8      | 8262 ||| Stepping ~*~*~tactically~*~*~ (hiding).
  8479 | D:8      | Noticed a tengu warrior
  8498 | D:8      | Killed a tengu warrior
  8499 | D:8      | Reached skill level 15 in Axes
  8878 | D:9      | 8878 ||| Stepping ~*~*~tactically~*~*~ (stealth).
  8887 | D:9      | Reached skill level 9 in Fighting
  8950 | D:9      | 8950 ||| Stepping ~*~*~tactically~*~*~ (stealth).
  8964 | D:9      | 8964 ||| FLEEEEING.
  9067 | D:9      | Found a staircase to the Lair.
  9077 | D:9      | 9077 ||| Stepping ~*~*~tactically~*~*~ (stealth).
  9080 | D:9      | 9080 ||| Stepping ~*~*~tactically~*~*~ (hiding).
  9093 | D:9      | 9093 ||| INVOKING Sacrifice Arcana.
  9093 | D:9      | Gained mutation: You cannot study or cast Earth magic. [Ru
                  | sacrifice]
  9093 | D:9      | Gained mutation: You cannot study or cast Transmutations
                  | magic. [Ru sacrifice]
  9093 | D:9      | Gained mutation: You cannot study or cast Translocations
                  | magic. [Ru sacrifice]
  9093 | D:9      | Reached * piety under Ru
  9099 | D:9      | Found a radiant altar of Vehumet.
  9105 | D:9      | 9105 ||| Stepping ~*~*~tactically~*~*~ (hiding).
  9107 | D:9      | 9107 ||| Stepping ~*~*~tactically~*~*~ (hiding).
  9113 | D:9      | 9113 ||| Stepping ~*~*~tactically~*~*~ (stealth).
  9154 | D:9      | 9154 ||| Stepping ~*~*~tactically~*~*~ (stealth).
  9156 | D:9      | 9156 ||| Stepping ~*~*~tactically~*~*~ (stealth).
  9164 | D:9      | 9164 ||| Stepping ~*~*~tactically~*~*~ (stealth).
  9182 | D:9      | 9182 ||| Stepping ~*~*~tactically~*~*~ (hiding).
  9189 | D:9      | Reached skill level 3 in Dodging
  9466 | D:9      | 9466 ||| FLEEEEING.
  9467 | D:9      | 9467 ||| FLEEEEING.
  9468 | D:9      | 9468 ||| FLEEEEING.
  9469 | D:9      | 9469 ||| FLEEEEING.
  9472 | D:9      | 9472 ||| FLEEEEING.
  9475 | D:9      | 9475 ||| FLEEEEING.
  9476 | D:9      | 9476 ||| FLEEEEING.
  9477 | D:9      | 9477 ||| FLEEEEING.
  9478 | D:9      | 9478 ||| FLEEEEING.
  9479 | D:9      | 9479 ||| FLEEEEING.
  9480 | D:9      | 9480 ||| FLEEEEING.
  9481 | D:9      | 9481 ||| STAIRDANCE
  9570 | D:8      | 9570 ||| UPGRADING to +0 plate armour.
  9580 | D:8      | 9580 ||| DROPPING +0 chain mail.
  9584 | D:9      | 9584 ||| STAIRDANCE
  9781 | D:9      | 9781 ||| Stepping ~*~*~tactically~*~*~ (hiding).
  9993 | D:10     | Entered Level 10 of the Dungeon
 10012 | D:10     | Noticed a two-headed ogre
 10018 | D:10     | 10018 ||| DRINKING 2 potions of curing.
 10018 | D:10     | 10018 ||| (to cure confusion)
 10024 | D:10     | Killed a two-headed ogre
 10030 | D:10     | Reached XP level 11. HP: 49/97 MP: 8/8
 10485 | D:10     | Reached skill level 16 in Axes
 10614 | D:10     | 10614 ||| READING scroll of enchant weapon.
 10614 | D:10     | 10614 ||| ENCHANTING +5 war axe of protection.
 10736 | D:10     | Found Hiociub's Weapon Emporium.
 10741 | D:10     | Found a portal to a secret trove of treasure.
 10934 | D:10     | 10934 ||| READING scroll labelled SEM MAILISCHUFF.
 10935 | D:10     | 10935 ||| READING 7 scrolls of identify.
 10935 | D:10     | 10935 ||| IDENTIFYING smoky emerald potion
 10936 | D:10     | 10936 ||| READING 6 scrolls of identify.
 10936 | D:10     | 10936 ||| IDENTIFYING murky silvery potion
 10937 | D:10     | 10937 ||| DROPPING potion of degeneration.
 10966 | D:11     | Reached skill level 9 in Armour
 10992 | D:11     | 10992 ||| FLEEEEING.
 10993 | D:11     | 10993 ||| FLEEEEING.
 10994 | D:11     | 10994 ||| FLEEEEING.
 10996 | D:11     | 10996 ||| FLEEEEING.
 11007 | D:11     | HP: 21/97 [acid dragon (6)]
 11008 | D:11     | 11008 ||| READING 6 scrolls of teleportation.
 11008 | D:11     | HP: 7/97 [acid dragon/splash of acid (14)]
 11009 | D:11     | 11009 ||| DRINKING potion of heal wounds.
 11014 | D:11     | Noticed a two-headed ogre
 11016 | D:11     | 11016 ||| Stepping ~*~*~tactically~*~*~ (water).
 11017 | D:11     | 11017 ||| READING 5 scrolls of teleportation.
 11017 | D:11     | HP: 5/97 [two-headed ogre/+0 giant spiked club (22)]
 11017 | D:11     | Mangled by a two-headed ogre

Levels and vault maps discovered:
D:1:      spicycebolla_green_bress_n_ham_2, layout_basic, corner_web_ring
D:2:      layout_basic, nicolae_ecumenical_oubliette
D:3:      layout_rooms, hangedman_abyss_or_decor_lesser_grid
D:4:      layout_basic, minmay_temple_entry_poolview, minivault_25,
          dk_noncrumbling_3
D:5:      layout_loops_corners, old_standard_altar, zin_angel,
          general_overflow_altar, mainiacjoe_overflow_tiny_flanked,
          nicolae_wooded_promenade, minivault_14, minmay_small_thing
D:6:      layout_layer_cave, grunt_temple_overflow_open, uniq_sigmund,
          uniq_eustachio, uniq_blork_the_orc
D:7:      layout_loops_corners
D:8:      minmay_blocky_corners, layout_cave_pools, serial_shops, shop,
          enter_bailey_3, chequers_serial_rivers_small_3
D:9:      layout_basic, vehumet_crystals, lair_entry_dummy
D:10:     layout_long_grid, enter_trove_2, serial_shops, nicolae_shop_stone
D:11:     layout_basic
Temple:   nicolae_temple_bog_church

Skill      XL: |  1  2  3  4  5  6  7  8  9 10 11 |
---------------+----------------------------------+-----
Axes           | 3 4 5 6 7 8 10 12 13 15 16 | 16.0
Dodging        | 1 2 3 |  3.0
Fighting       | 4 5 6 8 9 |  9.0
Armour         | 4 5 6 8 9 |  9.0
Shields        | 4 5 |  5.1
Throwing       | 1 2 3 4 |  4.0

Action                   |  1- 3 |  4- 6 |  7- 9 | 10-12 || total
-------------------------+-------+-------+-------+-------++-------
Melee: War axe           |   120 |    69 |   192 |   186 ||   567
       Headbutt          |    12 |     9 |    33 |    29 ||    83
Throw: Boomerang         |       |       |    33 |    19 ||    52
       Javelin           |       |       |     1 |    25 ||    26
Invok: Sacrifice Essence |       |       |     1 |       ||     1
       Sacrifice Arcana  |       |       |       |     1 ||     1
  Use: Scroll            |     6 |     4 |     8 |     7 ||    25
       Potion            |     1 |     1 |     4 |     2 ||     8
Armor: Scale mail        |    45 |    30 |    13 |       ||    88
       Chain mail        |       |       |    85 |    58 ||   143
       Plate armour      |       |       |       |    89 ||    89
Dodge: Dodged            |    47 |    23 |    50 |    63 ||   183
Block: Buckler           |    24 |     8 |    37 |    36 ||   105

Table legend:
 A = Non-vault XP
 B = Vault XP
 C = Vault XP percentage of total XP
 D = Non-vault monster count
 E = Vault monster count
 F = Vault count percentage of total count
                 A         B        C        D         E       F
            +---------+---------+-------+---------+---------+-------
      Total |   10409 |    3244 |  23.8 |     208 |      12 |   5.5
            +---------+---------+-------+---------+---------+-------
        D:1 |      42 |       0 |   0.0 |      24 |       0 |   0.0
        D:2 |      30 |       0 |   0.0 |      16 |       0 |   0.0
        D:3 |      44 |       0 |   0.0 |      18 |       0 |   0.0
        D:4 |     468 |       0 |   0.0 |      16 |       0 |   0.0
        D:5 |     749 |     322 |  30.1 |      18 |       1 |   5.3
        D:6 |    1669 |     522 |  23.8 |      28 |       3 |   9.7
        D:7 |     803 |       0 |   0.0 |      12 |       0 |   0.0
        D:8 |    1495 |    2400 |  61.6 |      20 |       8 |  28.6
        D:9 |    1455 |       0 |   0.0 |      29 |       0 |   0.0
       D:10 |    2672 |       0 |   0.0 |      24 |       0 |   0.0
       D:11 |     982 |       0 |   0.0 |       3 |       0 |   0.0
            +---------+---------+-------+---------+---------+-------
